 Dungeon Crawl Stone Soup version 0.16.2-12-gd0ad4c3 (webtiles) character file.

158 faibistes the Magician (level 5, -1/28 HPs)
             Began as a Deep Elf Wizard on Dec 30, 2018.
             Was an Initiate of Sif Muna.
             Killed from afar by an orc wizard (9 damage)
             ... with a puff of frost
             ... on level 4 of the Dungeon.
             The game lasted 00:06:53 (3598 turns).

faibistes the Magician (Deep Elf Wizard)            Turns: 3598, Time: 00:06:54

Health: -1/28      AC:  2    Str:  4    XL:     5   Next: 16%
Magic:  13/20      EV: 13    Int: 24    God:    Sif Muna [......]
Gold:   106        SH:  0    Dex: 13    Spells: 6 memorised, 3 levels left

rFire  . . .     SeeInvis +     e - +0 short sword
rCold  . . .     Clarity  .     q - +0 robe
rNeg   . . .     SustAb   +     (no shield)
rPois  .         Gourm    .     b - +0 hat
rElec  .         Spirit   .     (no cloak)
rCorr  .         Warding  .     (no gloves)
rMut   .         Stasis   .     (no boots)
MR     .....                    (no amulet)
Stlth  ++........               t - ring of see invisible
                                h - ring of sustain abilities

@: repel missiles, not resistant to hostile enchantments, unstealthy
A: no striking features
a: Renounce Religion


You were on level 4 of the Dungeon.
You worshipped Sif Muna.
Sif Muna was noncommittal.
You were hungry.

You visited 2 branches of the dungeon, and saw 5 of its levels.

You collected 106 gold pieces.

Inventory:

Hand weapons
 e - a +0 short sword (weapon)
Armour
 a - a +0 robe
 b - a +0 hat (worn)
 q - a +0 robe (worn)
Jewellery
 h - a ring of sustain abilities (left hand)
 t - a ring of see invisible (right hand)
Scrolls
 f - 2 scrolls of identify {unknown}
 g - a scroll of noise {unknown}
 i - a scroll of fear {unknown}
 k - a scroll of immolation {unknown}
 l - 2 scrolls of remove curse
 p - 2 scrolls of fog {unknown}
 w - a scroll of blinking {unknown}
Potions
 m - 2 potions of magic {unknown}
 n - 2 potions of haste {unknown}
 o - a potion of agility {unknown}
 s - a potion of heal wounds {unknown}
 u - a potion of curing {unknown}
Books
 c - a book of Minor Magic

   Spells                             Type                      Level
   a - Magic Dart                     Conjuration                  1
   b - Blink                          Translocation                2
   c - Call Imp                       Summoning                    2
   d - Repel Missiles                 Charms/Air                   2
   e - Slow                           Hexes                        2
   f - Conjure Flame                  Conjuration/Fire             3
   g - Mephitic Cloud                 Conjuration/Poison/Air       3
Comestibles
 d - 2 bread rations
 j - 3 meat rations
 r - 3 fruits
 v - a slice of pizza


   Skills:
 + Level 3.3 Dodging
 - Level 2.4 Stealth
 * Level 6.3 Spellcasting
 * Level 3.4 Conjurations
 - Level 1.1 Summonings
 - Level 1.1 Translocations


You had 3 spell levels left.
You knew the following spells:

 Your Spells              Type           Power        Failure   Level  Hunger
a - Magic Dart            Conj           ###.         1%          1    None
b - Conjure Flame         Conj/Fire      ###.....     14%         3    None
c - Call Imp              Summ           ##......     10%         2    None
d - Blink                 Tloc           N/A          10%         2    None
e - Mephitic Cloud        Conj/Pois/Air  ##......     17%         3    None
f - Repel Missiles        Chrm/Air       #.....       12%         2    None


Dungeon Overview and Level Annotations

Branches:
Dungeon (4/15)             Temple (1/1) D:4

Altars:
Ashenzari
Cheibriados
Elyvilon
Fedhas
Gozag
Kikubaaqudgha
Makhleb
Nemelex Xobeh
Ru
Sif Muna
Trog
Vehumet
Yredelemnul
Zin
The Shining One


Message History

Confirm with . or Enter, or press ? or * to list all spells.
Aiming: Mephitic Cloud
Press: ? - help, Shift-Dir - straight line, f - orc, p - gnoll
Aim: an orc, wielding a mace The ball explodes into a vile cloud!
The stinking cloud engulfs the orc.
You hear a shout!
The orc is engulfed in noxious fumes.
The orc appears confused.
Unknown command.
The orc is engulfed in noxious fumes.
The orc appears confused.
You feel a bit more experienced.
Casting: Mephitic Cloud
Confirm with . or Enter, or press ? or * to list all spells.
Aiming: Magic Dart
Press: ? - help, Shift-Dir - straight line, f - giant newt
Aim: a giant newt The magic dart hits the giant newt.
You kill the giant newt!
The orc wizard gestures at you while chanting.
The puff of frost hits you!
You die...

#...# . #...## ..
#....# ....
##+######....# .....
#......#.....+......
#......+.....#......
#.........###........
#o....w.##...# . .
#g.....#.@###..#.
#...o.#..#...#..#
##.o.ยง#.#.###.#.#
#....#o#.#...# #.#
#.)w.#g#.#.w.# .#
#....#.#.#...# #.#
+....)#.#.###.#.#
#..<..#..#...#..#
#......#..###..#.......


You could see a worm, an orc wizard, a gnoll and an orc.

Vanquished Creatures
  An iguana (D:3)
  An orc priest (D:4)
  A gnoll (D:4)
  2 adders
  3 worms (D:2)
  A giant gecko (D:1)
  2 oozes (D:1)
  3 orcs (D:3)
  4 bats
  3 goblins (D:1)
  9 hobgoblins
  2 jackals (D:1)
  A quokka (D:3)
  A ball python (D:2)
  5 giant cockroaches
  2 giant newts
  3 kobolds
  12 rats
56 creatures vanquished.

Vanquished Creatures (collateral kills)
  A hobgoblin (D:1)
1 creature vanquished.

Grand Total: 57 creatures vanquished

Notes
Turn   | Place    | Note
--------------------------------------------------------------
     0 | D:1      | faibistes, the Deep Elf Wizard, began the quest for the Orb.
     0 | D:1      | Reached XP level 1. HP: 10/10 MP: 6/6
   264 | D:1      | Reached XP level 2. HP: 12/15 MP: 8/10
   269 | D:1      | Learned a level 2 spell: Blink
   272 | D:1      | Learned a level 2 spell: Call Imp
   889 | D:1      | Reached skill level 5 in Spellcasting
   909 | D:2      | Reached XP level 3. HP: 19/19 MP: 10/14
   937 | D:2      | Learned a level 3 spell: Conjure Flame
   941 | D:2      | Learned a level 3 spell: Mephitic Cloud
  1729 | D:2      | Found a burning altar of Makhleb.
  2101 | D:2      | Reached XP level 4. HP: 24/24 MP: 10/17
  2105 | D:2      | Learned a level 2 spell: Repel Missiles
  2587 | D:2      | Found an opulent altar of Gozag.
  2589 | D:2      | Found a snail-covered altar of Cheibriados.
  2975 | D:3      | Reached skill level 6 in Spellcasting
  3200 | D:3      | Reached XP level 5. HP: 18/28 MP: 18/20
  3305 | D:4      | Found a staircase to the Ecumenical Temple.
  3319 | Temple   | Entered the Ecumenical Temple
  3377 | Temple   | Became a worshipper of Sif Muna the Loreminder
  3598 | D:4      | Killed from afar by an orc wizard

Action                   |  1- 3 |  4- 6 || total
-------------------------+-------+-------++-------
Melee: Short sword       |     6 |     1 ||     7
 Cast: Magic Dart        |   116 |    58 ||   174
       Call Imp          |     2 |       ||     2
       Blink             |     1 |     7 ||     8
       Mephitic Cloud    |     1 |     7 ||     8
       Repel Missiles    |       |     1 ||     1
  Use: Scroll            |       |     1 ||     1
 Stab: Sleeping          |     1 |       ||     1
  Eat: Chunk             |     3 |     4 ||     7
